Map: Sanctuary III LE

Players

Serral - Winner!

  • Race: Zerg Zerg
  • League: Master
  • Spawn Location: 1:00

SKillous

  • Race: Protoss Protoss
  • League: Grandmaster
  • Spawn Location: 7:00

Event: HomeStory Cup XXIX

VOD

Have the link to the VOD?

Description

Time

  • Played on: July 5, 2026, 7:06 a.m.
  • Length: 8:48

All games in this series

Show
View Real Time Build Order
Export as new Build Order

Serral Zerg - Winner!

Build Orders: Hatch First 

Get SALT Encoding   

  8  0:00  Drone  
  9  0:09  Drone  
  10  0:16  Drone  
  11  0:26  Overlord  
  11  0:32  Drone  
  12  0:45  Drone x2  
  14  0:50  Drone  
  15  1:05  Drone  
  16  1:15  Hatchery  
  16  1:18  Drone  
  16  1:21  Drone  
  17  1:29  Drone  
  18  1:35  Extractor  
  17  1:41  Spawning Pool  
  17  1:44  Drone  
  17  1:50  Drone  
  18  2:00  Drone  
  19  2:09  Overlord  
  19  2:19  Drone  
  20  2:28  Queen  
  20  2:29  Queen  
  24  2:30  Zergling x2  
  24  2:32  Drone  
  26  2:37  Metabolic Boost  
  26  2:41  Drone  
  27  2:44  Zergling x2  
  27  2:48  Drone  
  27  2:50  Drone  
  30  2:57  Drone  
  31  2:59  Overlord  
  31  3:12  Hatchery  
  30  3:20  Queen  
  30  3:22  Zergling x2  
  30  3:24  Zergling x2  
  30  3:27  Zergling x2  
  35  3:28  Zergling x2  
  35  3:32  Overlord  
  36  3:40  Drone x3  
  39  3:46  Drone  
  40  3:51  Queen  
  40  3:52  Drone  
  43  3:55  Drone x2  
  43  4:01  Overlord  
  43  4:02  Drone  
  46  4:04  Spore Crawler  
  45  4:10  Queen  
  45  4:12  Drone  
  48  4:19  Overlord  
  48  4:22  Drone x3  
  51  4:28  Spore Crawler  
  49  4:31  Drone x3  
  49  4:35  Drone x2  
  54  4:39  Drone x2  
  56  4:47  Drone x5  
  56  4:52  Zergling x2  
  60  4:55  Drone  
  60  4:56  Drone x2  
  63  5:01  Roach Warren  
  63  5:02  Drone x2  
  63  5:06  Overlord  
  64  5:07  Overlord  
  64  5:12  Extractor  
  63  5:15  Lair  
  63  5:21  Hatchery  
  63  5:25  Drone x4  
  63  5:26  Drone  
  67  5:29  Overlord  
  67  5:31  Drone x2  
  67  5:33  Extractor  
  67  5:35  Drone x3  
  71  5:36  Drone  
  71  5:40  Drone x2  
  74  5:46  Drone x2  
  74  5:47  Extractor  
  74  5:49  Overlord  
  74  5:50  Zergling x2  
  74  5:51  Zergling x4  
  74  5:52  Roach  
  74  5:55  Overlord  
  79  5:59  Roach x2  
  79  6:02  Zergling x2  
  83  6:07  Overlord  
  83  6:09  Evolution Chamber  
  82  6:12  Zergling x6  
  82  6:16  Drone x3  
  82  6:17  Drone, Glial Reconstitution  
  88  6:20  Drone x2  
  88  6:21  Drone  
  88  6:22  Queen  
  88  6:23  Extractor, Spore Crawler  
  88  6:25  Drone x2  
  91  6:29  Drone x2  
  93  6:34  Spire, Zerg Melee Weapons Level 1, Extractor  
  93  6:39  Roach x3  
  97  6:43  Roach x2  
  101  6:52  Zergling x16  
  107  6:58  Zergling x2  
  107  6:59  Zergling x8  
  108  7:02  Zergling x8  
  108  7:05  Overlord  
  107  7:10  Ravager x2  
  107  7:11  Zergling x2  
  107  7:12  Zergling x4  
  107  7:14  Queen  
  110  7:15  Queen  
  110  7:19  Overlord  
  110  7:21  Zergling x2  
  110  7:22  Zergling x2  
  111  7:25  Ravager  
  111  7:27  Roach  
  111  7:28  Roach x3, Zergling x2  
  119  7:34  Zergling x6  
  118  7:38  Overlord x3  
  118  7:39  Overlord  
  118  7:56  Queen  
  118  7:57  Roach x8  
  127  8:01  Roach  
  127  8:05  Roach x2  
  125  8:10  Roach  
  125  8:15  Baneling Nest  
  125  8:18  Roach x2  
  125  8:19  Roach  
  128  8:20  Hatchery  
  128  8:22  Roach x2  
  128  8:26  Roach x2  
  126  8:31  Zergling x2  
Show
View Real Time Build Order
Export as new Build Order

SKillous Protoss 

Build Orders: 1 Gate Expand, Oracle Opening 

Get SALT Encoding   

  8  0:00  Probe (Chrono Boost)  
  9  0:12  Probe (Chrono Boost)  
  10  0:17  Probe (Chrono Boost)  
  11  0:27  Probe  
  12  0:33  Pylon  
  12  0:39  Probe  
  13  0:51  Probe  
  14  0:57  Gateway  
  14  1:03  Probe (Chrono Boost)  
  15  1:12  Probe (Chrono Boost)  
  15  1:17  Probe (Chrono Boost)  
  17  1:29  Probe  
  18  1:43  Nexus  
  18  1:48  Assimilator  
  18  1:57  Cybernetics Core  
  18  2:00  Probe  
  19  2:07  Assimilator  
  19  2:12  Probe  
  20  2:15  Pylon  
  20  2:24  Probe  
  21  2:31  Adept (Chrono Boost)  
  21  2:36  Probe  
  24  2:48  Probe  
  25  2:53  Adept (Chrono Boost)  
  25  2:55  Probe  
  28  3:01  Stargate, Probe (Chrono Boost)  
  29  3:07  Probe (Chrono Boost)  
  29  3:11  Warp Gate  
  30  3:19  Adept, Probe x2 (Chrono Boost)  
  34  3:24  Probe (Chrono Boost)  
  34  3:26  Probe (Chrono Boost)  
  36  3:33  Probe  
  37  3:38  Probe  
  38  3:44  Oracle (Chrono Boost)  
  38  3:45  Probe  
  38  3:46  Pylon  
  42  3:53  Gateway  
  42  4:04  Pylon, Probe x2, Stalker  
  46  4:17  Probe x2  
  48  4:20  Oracle (Chrono Boost)  
  51  4:29  Probe  
  52  4:31  Nexus  
  52  4:33  Pylon  
  52  4:39  Probe  
  52  4:41  Probe  
  54  4:47  Assimilator  
  54  4:49  Assimilator  
  54  4:50  Oracle  
  54  4:52  Probe  
  56  4:53  Probe  
  56  4:54  Adept  
  59  5:06  Gateway  
  60  5:07  Gateway  
  60  5:11  Probe  
  60  5:13  Gateway  
  60  5:20  Probe  
  61  5:24  Gateway  
  61  5:25  Gateway  
  61  5:27  Probe  
  62  5:31  Oracle  
  62  5:35  Probe  
  66  5:40  Pylon  
  66  5:43  Adept  
  66  5:45  Probe x2  
  70  5:51  Probe  
  71  6:00  Shield Battery  
  71  6:13  Pylon  
  71  6:17  Stalker x4  
  77  6:25  Pylon  
  73  6:31  Stalker  
  75  6:37  Adept  
  75  6:38  Adept  
  79  6:40  Stalker x3  
  79  6:42  Stalker  
  84  7:05  Stalker x6  
  89  7:18  Stalker  
  85  7:25  Pylon  
  85  7:35  Stalker x6  
  85  7:36  Probe x2  
  100  7:44  Stalker  
  93  7:59  Adept x6  
  89  8:08  Stalker  
  89  8:20  Stalker x4  
  89  8:21  Stalker x2  
Tags
 
Add a new tag
Caveats
  • Supply blocks, unpowered buildings, or Contaminate may cause inaccurate times.
  • Supply counts are checked every 10 seconds.